 Dungeon Crawl Stone Soup version 0.21.1-1-g345015f (webtiles) character file.

32 pk666 the Magician (level 3, 19/19 HPs)
             Began as a Deep Elf Wizard on Feb 13, 2018.
             Was a Follower of Trog.
             Quit the game on level 2 of the Dungeon.
             The game lasted 00:02:25 (1236 turns).

pk666 the Magician (Deep Elf Wizard)                Turns: 1236, Time: 00:02:26

Health: 19/19      AC:  2    Str:  4    XL:     3   Next: 8%
Magic:  11/11      EV: 13    Int: 23    God:    Trog [*.....]
Gold:   63         SH:  0    Dex: 13    Spells: 10/11 levels left

rFire    . . .     SeeInvis .   f - +0 dagger
rCold    . . .     Gourm    .   (no shield)
rNeg     . . .     Faith    .   a - +0 robe
rPois    .         Spirit   .   b - +0 hat
rElec    .         Reflect  .   (no cloak)
rCorr    .         Harm     .   (no gloves)
MR       .....                  (no boots)
Stlth    ++........             (no amulet)
HPRegen  0.06/turn              (no ring)
MPRegen  0.12/turn              (no ring)

@: no status effects
A: no striking features
a: Berserk, Burn Spellbooks, Renounce Religion


You were on level 2 of the Dungeon.
You worshipped Trog.
Trog was aware of your devotion.
You were hungry.

You visited 1 branch of the dungeon, and saw 2 of its levels.

You collected 63 gold pieces.

Inventory:

Hand Weapons
 f - a +0 dagger (weapon)
Armour
 a - a +0 robe (worn)
 b - a +0 hat (worn)
Jewellery
 o - an uncursed ring of protection from cold {unknown}
Scrolls
 i - a scroll of magic mapping {unknown}
 j - a scroll of random uselessness {unknown}
 m - a scroll of identify {unknown}
Potions
 e - 3 potions of curing {unknown}
 g - 2 potions of degeneration {unknown}
 h - a potion of mutation {unknown}
 k - a potion of brilliance {unknown}
 l - a potion of resistance {unknown}
 n - a potion of flight {unknown}
Books
 c - a book of Minor Magic

   Spells                             Type                      Level
   a - Magic Dart                     Conjuration                  1
   b - Blink                          Translocation                2
   c - Call Imp                       Summoning                    2
   d - Slow                           Hexes                        2
   e - Conjure Flame                  Conjuration/Fire             3
   f - Mephitic Cloud                 Conjuration/Poison/Air       3
   Trog disapproves of the use of such an item.
Comestibles
 d - 2 rations


   Skills:
 + Level 0.8 Short Blades
 + Level 3.1 Dodging
 - Level 2.4 Stealth
 - Level 4.9 Spellcasting
 - Level 1.9 Conjurations
   Level 1.1 Summonings
   Level 1.1 Translocations


You had 10 spell levels left.
You knew the following spells:

 Your Spells              Type           Power        Failure   Level  Hunger
a - Magic Dart            Conj           ##..         4%          1    None


Dungeon Overview and Level Annotations

Branches:
Dungeon (2/15)

Altars:
Trog


Message History

You kill the dart slug!
Casting: Magic Dart
Confirm with . or Enter, or press ? or * to list all spells.
You can't see any susceptible monsters within range! (Use Z to cast anyway.)
Casting: Magic Dart
Confirm with . or Enter, or press ? or * to list all spells.
You can't see any susceptible monsters within range! (Use Z to cast anyway.)
Casting: Magic Dart
Confirm with . or Enter, or press ? or * to list all spells.
You can't see any susceptible monsters within range! (Use Z to cast anyway.)
You start resting.
Magic restored.
h - a fizzy black potion
There is a faded altar of an unknown god here.
You cannot tell which god this altar belongs to.
Convert to them anyway?
Trog accepts your prayer! Trog welcomes you!
You can now call upon Trog to burn spellbooks in your surroundings.
You can now go berserk at will.
Are you sure you want to abandon this character and quit the game? (Confirm with "yes".)

.. .. #. .# #.
.# #..?######
#.####. ......##
....... ........
.......#........
....#@#.......
#..#......#
#.....#####
##....# #...##
#...# # #...#
##.##...#
.........#


There were no monsters in sight!

Vanquished Creatures
  An ooze (D:1)
  2 dart slugs
  5 giant cockroaches
  3 goblins (D:1)
  A hobgoblin (D:1)
  4 kobolds (D:1)
  2 bats (D:1)
  2 frilled lizards
  A rat (D:1)
21 creatures vanquished.

Notes
Turn   | Place    | Note
-------+----------+-------------------------------------------
     0 | D:1      | pk666 the Deep Elf Wizard began the quest for the Orb.
     0 | D:1      | Reached XP level 1. HP: 10/10 MP: 7/7
   281 | D:1      | Reached XP level 2. HP: 15/15 MP: 6/9
  1103 | D:2      | Reached XP level 3. HP: 19/19 MP: 7/11
  1192 | D:2      | Found a faded altar of an unknown god.
  1235 | D:2      | Became a worshipper of Trog the Wrathful
  1235 | D:2      | Reached * piety under Trog
  1236 | D:2      | Quit the game

Skill      XL: |  1  2 |
---------------+-------+-----
Dodging        | 3 |  3.1
Short Blades   | |  0.8
Stealth        | |  2.4
Spellcasting   | |  4.9
Conjurations   | |  1.9
Summonings     | |  1.1
Translocations | |  1.1

Action                   || total
-------------------------++-------
Melee: Dagger            ||     6
 Cast: Magic Dart        ||    59
Armor: Robe              ||     1
Dodge: Dodged            ||    11
